 Dungeon Crawl Stone Soup version 0.29.1-1-gd02db6906a (webtiles) character file.

Game seed: 15375061394569358879

1004 juncz the Chiller (level 8, 0/58 HPs)
             Began as a Gnoll Ice Elementalist on Sept 28, 2022.
             Slain by Menkaure (20 damage)
             ... on level 6 of the Dungeon.
             The game lasted 00:11:15 (5535 turns).

juncz the Chiller (Gnoll Ice Elementalist)          Turns: 5535, Time: 00:11:16

Health: 0/58       AC:  4    Str:  8    XL:     8   Next: 20%
Magic:  14/17      EV: 14    Int: 16    God:
Gold:   223        SH:  0    Dex: 13    Spells: 11/19 levels left

rFire   x . .      SeeInvis .   m - +2 short sword (venom)
rCold   + . .      Faith    .   (no shield)
rNeg    . . .      Spirit   .   a - +0 robe
rPois   .          Reflect  .   n - +0 helmet
rElec   .          Harm     .   w - +0 cloak {Stlth+}
rCorr   .          Rampage  .   (no gloves)
Will    +....                   (no boots)
Stlth   ++++......              (no amulet)
HPRegen 0.19/turn               k - ring of ice
MPRegen 0.15/turn               q - ring of willpower

@: no status effects
A: fangs 1, strong nose, distributed training
a: no special abilities


You were on level 6 of the Dungeon.
You visited 1 branch of the dungeon, and saw 6 of its levels.

You collected 256 gold pieces.
You spent 33 gold pieces at shops.

Inventory:

Hand Weapons
 f - a +0 short sword
 m - a +2 short sword of venom (weapon)
Missiles
 z - a throwing net
Armour
 a - a +0 robe (worn)
 n - a +0 helmet (worn)
 w - a +0 cloak of stealth (worn)
Jewellery
 k - a ring of ice (left hand)
 q - a ring of willpower (right hand)
Wands
 u - a wand of charming (7)
 v - a wand of quicksilver (2)
 C - a wand of iceblast (8)
Scrolls
 d - a scroll of vulnerability {unknown}
 e - 2 scrolls of teleportation {unknown}
 g - a scroll of blinking {unknown}
 i - 2 scrolls of identify {unknown}
 j - a scroll of enchant armour {unknown}
 l - 2 scrolls of summoning {unknown}
 p - 2 scrolls of amnesia {unknown}
 y - a scroll of fear {unknown}
 A - a scroll of noise {unknown}
Potions
 b - 3 potions of magic
 c - 3 potions of curing
 h - a potion of heal wounds {unknown}
 o - a potion of haste {unknown}
 r - a potion of brilliance {unknown}
 s - a potion of might {unknown}
 t - 2 potions of degeneration {unknown}
 x - a potion of invisibility {unknown}
 B - a potion of flight {unknown}


   Skills:
 + Level 3.2 Fighting
 + Level 3.2 Short Blades
 + Level 3.2 Long Blades
 + Level 3.2 Axes
 + Level 3.2 Maces & Flails
 + Level 3.2 Polearms
 + Level 3.2 Staves
 + Level 3.2 Ranged Weapons
 + Level 3.2 Throwing
 + Level 3.2 Armour
 + Level 5.6 Dodging
 + Level 5.3 Stealth
 + Level 3.2 Shields
 + Level 3.2 Unarmed Combat
 + Level 6.0 Spellcasting
 + Level 2.6 Conjurations
 + Level 2.6 Hexes
 + Level 2.6 Summonings
 + Level 2.6 Necromancy
 + Level 2.6 Translocations
 + Level 2.6 Transmutations
 + Level 2.6 Fire Magic
 + Level 7.6 Ice Magic
 + Level 2.6 Air Magic
 + Level 2.6 Earth Magic
 + Level 2.6 Poison Magic
 + Level 3.5 Invocations
 + Level 3.2 Evocations


You had 11 spell levels left.
You knew the following spells:

 Your Spells              Type           Power      Damage    Failure   Level
a - Freeze                Ice            100%       1d11      1%          1
b - Frozen Ramparts       Ice            86%        1d13      1%          3
c - Ozocubu's Armour      Ice            43%        N/A       1%          3
d - Magic Dart            Conj           52%        1d5       4%          1

Your spell library contained the following spells:

 Spells                   Type           Power      Damage    Failure   Level
 Searing Ray              Conj           26%        2d5       7%          2
 Confusing Touch          Hex            13%        N/A       14%         3
 Hailstorm                Conj/Ice       31%        3d8       17%         4
 Fulminant Prism          Conj/Hex       6%         3d7       43%         4
 Yara's Violent Unravell  Hex/Tmut       6%         3d5       78%         5
 Enfeeble                 Hex            6%         N/A       100%        7


Dungeon Overview and Level Annotations

Branches:
Dungeon (6/15)
 Temple: D:4-7

Altars:
Trog
Zin

Shops:
D:3 !

Annotations:
D:6 Menkaure


Innate Abilities, Weirdness & Mutations

You have very sharp teeth.
Your uncanny sense of smell can sniff out nearby items.
Your experience applies equally to all skills.


Message History

Done exploring.
There is an open door here.
There is a stone staircase leading down here.
You climb downwards.
Found a long fluorescent wand and a pair of gloves.
Found a stone staircase leading down.
There is a stone staircase leading up here.
C - a wand of iceblast (8) Menkaure, Prince of Dust comes into view.
You hear a distant slurping noise.
Menkaure shouts!
You hit Menkaure. You punch Menkaure.
Menkaure is lightly damaged.
Menkaure calls on the powers of darkness!
Your body is wracked with pain!
Casting: Freeze (safe; 1% risk of failure)
Confirm with . or Enter, or press ? or * to list all spells.
Aiming: Freeze (safe; 1% risk of failure)
Press: ? - help, Shift-Dir - straight line, f - Menkaure
Aim: Menkaure (lightly damaged)
You feel a surge of power!
You freeze Menkaure.
Menkaure resists.
Menkaure is moderately damaged.
Menkaure hits you!
Casting: Freeze (safe; 1% risk of failure)
Confirm with . or Enter, or press ? or * to list all spells.
Aiming: Freeze (safe; 1% risk of failure)
Press: ? - help, Shift-Dir - straight line, f/p - Menkaure
Aim: Menkaure (moderately damaged)
You feel a surge of power!
You freeze Menkaure.
Menkaure resists.
Menkaure is heavily damaged.
Menkaure misses you.
Casting: Freeze (safe; 1% risk of failure)
Confirm with . or Enter, or press ? or * to list all spells.
Aiming: Freeze (safe; 1% risk of failure)
Press: ? - help, Shift-Dir - straight line, f/p - Menkaure
Aim: Menkaure (heavily damaged)
You feel a surge of power!
You freeze Menkaure.
Menkaure resists.
Menkaure is severely damaged.
Menkaure hits you!!
You die...

########.. ∆
.........## ####..
........... ...>.#
.........#. ......
.........#.##......
.........#.......##
.........##........
......M@.#<..#...#
.........#.....#
...........#####
...........#
#########..# #..[#
...#.. #....###
#.#..∆


You could see Menkaure.

Vanquished Creatures
  A black bear (D:5)
  2 ogres
  A phantom (D:4)
  A scorpion (D:5)
  A howler monkey (D:4)
  An orc priest (D:4)
  4 hounds
  3 jellies (D:5)
  Crazy Yiuf (D:3)
  A gnoll bouda (D:5)
  2 iguanas
  8 gnolls
  7 adders
  4 worms
  3 orcs
  6 ball pythons
  2 bats
  9 endoplasms
  6 giant cockroaches
  4 hobgoblins
  4 jackals (D:1)
  11 kobolds
  A frilled lizard (D:1)
  3 goblins
  5 rats
91 creatures vanquished.

Vanquished Creatures (others)
  4 fungi (D:3)
4 creatures vanquished.

Grand Total: 95 creatures vanquished

Notes
Turn   | Place    | Note
-------+----------+-------------------------------------------
     0 | D:1      | juncz the Gnoll Ice Elementalist began the quest for the
                  | Orb.
     0 | D:1      | Reached XP level 1. HP: 13/13 MP: 6/6
   279 | D:1      | Reached XP level 2. HP: 19/19 MP: 5/7
   650 | D:1      | Reached skill level 5 in Spellcasting
   650 | D:1      | Reached XP level 3. HP: 25/25 MP: 6/9
   654 | D:1      | Learned a level 3 spell: Frozen Ramparts
   658 | D:1      | Learned a level 3 spell: Ozocubu's Armour
   660 | D:1      | Learned a level 1 spell: Magic Dart
   760 | D:1      | Found a faded altar of an unknown god.
  1151 | D:2      | Reached skill level 1 in Invocations
  1732 | D:2      | Reached skill level 1 in Fighting
  1732 | D:2      | Reached skill level 1 in Short Blades
  1732 | D:2      | Reached skill level 1 in Long Blades
  1732 | D:2      | Reached skill level 1 in Axes
  1732 | D:2      | Reached skill level 1 in Maces & Flails
  1732 | D:2      | Reached skill level 1 in Polearms
  1732 | D:2      | Reached skill level 1 in Staves
  1732 | D:2      | Reached skill level 1 in Ranged Weapons
  1732 | D:2      | Reached skill level 1 in Throwing
  1732 | D:2      | Reached skill level 1 in Armour
  1732 | D:2      | Reached skill level 1 in Shields
  1732 | D:2      | Reached skill level 1 in Unarmed Combat
  1732 | D:2      | Reached skill level 1 in Evocations
  1796 | D:2      | Found a glowing silver altar of Zin.
  1919 | D:3      | Found Fohetal's Distillery.
  1934 | D:3      | Reached XP level 4. HP: 32/32 MP: 8/11
  1940 | D:3      | Bought a potion of curing for 33 gold pieces
  2054 | D:3      | Reached skill level 1 in Conjurations
  2054 | D:3      | Reached skill level 1 in Hexes
  2054 | D:3      | Reached skill level 1 in Summonings
  2054 | D:3      | Reached skill level 1 in Necromancy
  2054 | D:3      | Reached skill level 1 in Translocations
  2054 | D:3      | Reached skill level 1 in Transmutations
  2054 | D:3      | Reached skill level 1 in Fire Magic
  2054 | D:3      | Reached skill level 1 in Air Magic
  2054 | D:3      | Reached skill level 1 in Earth Magic
  2054 | D:3      | Reached skill level 1 in Poison Magic
  2450 | D:3      | Reached XP level 5. HP: 36/37 MP: 3/12
  3127 | D:3      | Found a runed translucent door.
  3128 | D:3      | Noticed Crazy Yiuf
  3137 | D:3      | Killed Crazy Yiuf
  3430 | D:4      | Noticed an ogre
  3437 | D:4      | Killed an ogre
  3438 | D:4      | Reached skill level 5 in Dodging
  3438 | D:4      | Reached XP level 6. HP: 44/44 MP: 2/14
  4016 | D:4      | Reached XP level 7. HP: 36/50 MP: 9/15
  4244 | D:4      | Found a bloodstained altar of Trog.
  4333 | D:5      | Entered Level 5 of the Dungeon
  4579 | D:5      | Reached skill level 5 in Stealth
  5088 | D:5      | Reached XP level 8. HP: 58/58 MP: 8/16
  5527 | D:6      | Noticed Menkaure
  5535 | D:6      | Slain by Menkaure

Illustrated notes

Levels and vault maps discovered:
D:1:      dpeg_arrival_three_same_balls, layout_loops_ring,
          hellmonk_ecumenical_altar_inner_sanctum
D:2:      layout_basic, basic_altar, minmay_misc_feat_plants
D:3:      layout_loops_cross, serial_shops, nicolae_shop_advertising_works
          [nicolae_subvault_shop_adworks], minmay_fountain_box,
          minmay_misc_feat_iff, minivault_23, uniq_crazy_yiuf_cottage
D:4:      layout_rooms, lightli_temple_of_fire
D:5:      layout_basic
D:6:      kennysheep_housing_project, layout_basic,
          nicolae_overflow_hidden_temple, serial_shops, shop,
          minmay_misc_feat_diagonals, uniq_menkaure

Skill      XL: |  1  2  3  4  5  6  7  8 |
---------------+-------------------------+-----
Spellcasting   | 5 6 |  6.0
Invocations    | 1 2 3 |  3.5
Fighting       | 1 2 3 |  3.2
Short Blades   | 1 2 3 |  3.2
Long Blades    | 1 2 3 |  3.2
Axes           | 1 2 3 |  3.2
Maces & Flails | 1 2 3 |  3.2
Polearms       | 1 2 3 |  3.2
Staves         | 1 2 3 |  3.2
Ranged Weapons | 1 2 3 |  3.2
Throwing       | 1 2 3 |  3.2
Armour         | 1 2 3 |  3.2
Shields        | 1 2 3 |  3.2
Unarmed Combat | 1 2 3 |  3.2
Evocations     | 1 2 3 |  3.2
Conjurations   | 1 2 |  2.6
Hexes          | 1 2 |  2.6
Summonings     | 1 2 |  2.6
Necromancy     | 1 2 |  2.6
Translocations | 1 2 |  2.6
Transmutations | 1 2 |  2.6
Fire Magic     | 1 2 |  2.6
Air Magic      | 1 2 |  2.6
Earth Magic    | 1 2 |  2.6
Poison Magic   | 1 2 |  2.6
Dodging        | 5 |  5.6
Stealth        | 5 |  5.3
Ice Magic      | |  7.6

Action                   |  1- 3 |  4- 6 |  7- 9 || total
-------------------------+-------+-------+-------++-------
Melee: Short sword       |    10 |    11 |     2 ||    23
       Bite              |     1 |     1 |       ||     2
       Punch             |       |       |     1 ||     1
 Cast: Freeze            |    48 |    37 |    34 ||   119
       Magic Dart        |    16 |    10 |     4 ||    30
       Frozen Ramparts   |     1 |    12 |    12 ||    25
       Ozocubu's Armour  |       |     5 |     2 ||     7
Evoke: Wand              |       |     4 |       ||     4
Armor: Robe              |     1 |     9 |     4 ||    14
Dodge: Dodged            |    22 |    32 |    25 ||    79
